 Dungeon Crawl Stone Soup version 0.30-a0-748-ge6a52f7cba (webtiles) character file.

Game seed: 5984149803710128498

60 screamidelica the Magician (level 4, -4/34 HPs)
             Began as a Djinni Ice Elementalist on Feb 8, 2023.
             Slain by an orc
             ... wielding a +0 club
              (5 damage)
             ... on level 2 of the Dungeon.
             The game lasted 00:04:05 (2314 turns).

screamidelica the Magician (DjIE)                   Turns: 2314, Time: 00:04:05

Health: -4/34      AC:  2    Str:  7    XL:     4   Next: 25%
Gold:   115        EV: 12    Int: 19    God:
                   SH:  0    Dex: 13

rFire   + + .      SeeInvis .    c - +0 dagger
rCold   x . .      Faith    .    (no shield)
rNeg    . . .      Spirit   .    a - +0 robe
rPois   ∞          Reflect  .    (no helmet)
rElec   .          Harm     .    (no cloak)
rCorr   .          Rampage  .    (no gloves)
Will    .....                    (boots unavailable)
Stlth   ++                       (no amulet)
HPRegen 0.25/turn                (no ring)
MPRegen 0.00/turn                (no ring)

@: flying
A: sickness immunity, fire resistance 2, cold vulnerability 1, float, innate
caster, HP casting, extra vitality 1
a: no special abilities


You were on level 2 of the Dungeon.
You visited 1 branch of the dungeon, and saw 3 of its levels.

You collected 115 gold pieces.

Inventory:

Hand Weapons
 c - a +0 dagger (weapon)
 e - a +0 whip
Armour
 a - a +0 robe (worn)
Scrolls
 d - a scroll of amnesia {unknown}
 f - a scroll of silence {unknown}
 h - 2 scrolls of fog {unknown}
 j - 3 scrolls of teleportation {unknown}
 k - a scroll of acquirement {unknown}
 m - a scroll of magic mapping {unknown}
Potions
 b - a potion of magic
 g - a potion of degeneration {unknown}
 i - 2 potions of resistance {unknown}
 l - 2 potions of curing {unknown}


   Skills:
 * Level 2.9 Fighting
 - Level 2.1 Dodging
 - Level 1.5 Stealth
 + Level 3.6 Spellcasting


You couldn't memorise any spells.
You knew the following spells:

 Your Spells              Type           Power      Damage    Failure   Level
a - Freeze                Ice            68%        1d8       3%          1
b - Frozen Ramparts       Ice            34%        1d6       10%         3
c - Ozocubu's Armour      Ice            17%        N/A       10%         3
d - Summon Ice Beast      Ice/Summ       17%        N/A       32%         4
e - Summon Small Mammal   Summ           68%        N/A       3%          1
Your spell library was empty.

Dungeon Overview and Level Annotations

Branches:
Dungeon (3/15)

Altars:
Dithmenos


Innate Abilities, Weirdness & Mutations

You are immune to sickness and miasma.
You are immune to poison.
Your flesh is very heat resistant. (rF++)
You are vulnerable to cold. (rC-)
You float through the air rather than walking.
You learn spells naturally, not from books.
Your magical power is your life essence.
You have superior vitality. (+4 MHP)


Message History

Aim: an orc, wielding a +0 whip You freeze the orc!
You kill the orc!
The orc hits you with a +0 short sword.
An orc comes into view.
It is wielding a +2 morningstar of draining.
Aiming: Freeze (safe; 3% risk of failure)
Press: ? - help, Q - select action, (/) - cycle Shift-Dir - straight line, f - orc
Aim: an orc, wielding a +0 short sword You freeze the orc!
You kill the orc!
The orc barely misses you. The orc attacks as you move away!
The orc closely misses you. The orc attacks as you move away!
The orc hits you with a +0 club. The orc attacks as you move away!
The orc hits you with a +0 club. The orc attacks as you move away!
The orc closely misses you.
The orc priest looks satisfied for a moment.
There is a stone staircase leading up here.
The orc hits you with a +0 club.
* * * LOW HITPOINT WARNING * * *
You fly upwards.
There is a stone staircase leading down here.
Aiming: Freeze (safe; 3% risk of failure)
Press: ? - help, Q - select action, (/) - cycle Shift-Dir - straight line, f - orc
Aim: an orc, wielding a +0 club and wearing a +0 chain mail You freeze the orc.
The orc is heavily wounded.
* * * LOW HITPOINT WARNING * * *
The orc hits you with a +0 club.
* * * LOW HITPOINT WARNING * * *
The orc completely misses you.
Aiming: Freeze (safe; 3% risk of failure)
Press: ? - help, Q - select action, (/) - cycle Shift-Dir - straight line, f/p - orc
Aim: an orc, wielding a +0 club and wearing a +0 chain mail (heavily wounded)
You freeze the orc.
The orc is almost dead.
* * * LOW HITPOINT WARNING * * *
The orc hits you with a +0 club.
* * * LOW HITPOINT WARNING * * *
The orc hits you with a +0 club.
You die...

#########..##.........#.#.P.....
##.##.........##.P.....P
####...######..###.......P
#........###..####...P.P..
#........##......#....P.P.
########........##......#####_###
...."..#........##......#P.......
######.#.........o..##.##.P..P..P
....<#.#........@#####.##)..P..P.
######.#........## #..#..P.....
#.....#####'#### ##..#...P.PP
#.######....# ####....P..
#.#...##.#### ##..P.P..
#[#.#.##.# #.##...## #...#....#
####...## ########## #.###.. ###
###


You could see an orc.

Vanquished Creatures
  An adder (D:2)
  2 dart slugs (D:1)
  2 orcs (D:3)
  A ball python (D:1)
  7 bats
  6 endoplasms
  2 giant cockroaches (D:1)
  5 goblins
  A hobgoblin (D:1)
  7 kobolds
  3 quokkas
  2 frilled lizards
  4 rats
  A toadstool (D:1)
44 creatures vanquished.

Vanquished Creatures (others)
  A demonic plant (D:2)
  13 toadstools (D:1)
14 creatures vanquished.

Grand Total: 58 creatures vanquished

Notes
Turn   | Place    | Note
-------+----------+-------------------------------------------
     0 | D:1      | screamidelica the Djinni Ice Elementalist began the quest
                  | for the Orb.
     0 | D:1      | screamidelica set off with the following spells memorised:
                  | Freeze, Frozen Ramparts, Ozocubu's Armour, Summon Ice
                  | Beast.
     0 | D:1      | Reached XP level 1. HP: 15/15 MP: 0/0
   146 | D:1      | Reached skill level 1 in Fighting
   146 | D:1      | Reached XP level 2. HP: 20/22 MP: 0/0
   681 | D:1      | Reached XP level 3. HP: 23/28 MP: 0/0
   681 | D:1      | Learned a level 1 spell: Summon Small Mammal
  1466 | D:2      | Found a shadowy altar of Dithmenos.
  1532 | D:2      | Found a faded altar of an unknown god.
  1949 | D:2      | Reached XP level 4. HP: 29/34 MP: 0/0
  2313 | D:2      | HP: 1/34 [orc/+0 club (5)]
  2314 | D:2      | Slain by an orc

Illustrated notes

Levels and vault maps discovered:
D:1:      nagdon_arrival_zigzag_paths, layout_basic, interstate_on_off
D:2:      layout_basic, shapermc_ecumenical_altar_gd, basic_altar
D:3:      layout_basic, mainiacjoe_overflow_alcove_4, serial_shops, shop,
          grunt_ministairs_2

Skill      XL: |  1  2  3 |
---------------+----------+-----
Fighting       | 1 2 |  2.9
Dodging        | |  2.1
Stealth        | |  1.5
Spellcasting   | |  3.6

Action                     |  1- 3 |  4- 6 || total
---------------------------+-------+-------++-------
  Melee: Unarmed           |     8 |       ||     8
         Dagger            |    30 |     7 ||    37
         Punch             |     2 |       ||     2
   Cast: Freeze            |    41 |     5 ||    46
   Stab: Sleeping          |     3 |     1 ||     4
         Distracted        |     1 |       ||     1
 Armour: Robe              |    20 |       ||    20
  Dodge: Dodged            |    48 |     8 ||    56

Table legend: (Time is in decaauts)
 A = Elapsed time spent in this place.
 B = Non-inter-level travel time spent in this place.
 C = Inter-level travel time spent in this place.
 D = Time resting spent in this place.
 E = Time spent auto-exploring this place.
 F = Levels seen in this place.
 G = Mean time per level.
                   A        B        C        D        E       F      G
               +--------+--------+--------+--------+--------+-----+--------+
         Total |   2313 |   2020 |    293 |    460 |   1245 |   3 |  771.0 |
       Dungeon |   2313 |   2020 |    293 |    460 |   1245 |   3 |  771.0 |
               +--------+--------+--------+--------+--------+-----+--------+

Top non-repeatable levels by time:
     D:1: 1455 daAuts
     D:2: 823 daAuts
     D:3: 34 daAuts
